 Dungeon Crawl Stone Soup version 0.29.1-12-g30fa7ad0bf (webtiles) character file.

Game seed: 6652209980524974864

60058 LustLizard the Brawler (level 14, -11/143 (144) HPs)
             Began as a Troll Fighter on Dec 26, 2022.
             Was the Champion of Wu Jian.
             Mangled by an orc knight
             ... wielding a +0 glaive
              (30 damage)
             ... on level 2 of the Orcish Mines.
             The game lasted 00:44:04 (17553 turns).

LustLizard the Brawler (Troll Fighter)             Turns: 17553, Time: 00:44:05

HP:   -11/143 (144) AC: 11    Str: 36    XL:     14   Next: 55%
MP:   13/13         EV: 12    Int: 17    God:    Wu Jian [******]
Gold: 1772          SH: 16    Dex: 13    Spells: 13/13 levels left

rFire   x . .      SeeInvis .     - Unarmed
rCold   + . .      Faith    .   b - +0 kite shield
rNeg    + + .      Spirit   .   C - +1 swamp dragon scales
rPois   +          Reflect  +   L - +0 hat of Youthful Indiscretion {Dex+4}
rElec   +          Harm     .   S - +0 cloak of the Saviour {Str+2 Int+4}
rCorr   .          Rampage  .   (gloves unavailable)
Will    ++...                   (boots unavailable)
Stlth   +.........              i - amulet "Qyutugekha" {Reflect Will+ SH+5}
HPRegen 1.13/turn               Q - ring "Noemim" {Ice rElec rN+ Str+7}
MPRegen 0.13/turn               R - ring "Oraul" {rN+ Int+5}

@: lightly drained
A: large, unfitting armour, claws 3, regeneration 1, shaggy fur 1, tough skin 1
a: Renounce Religion, Wall Jump, Serpent's Lash, Heavenly Storm


You were on level 2 of the Orcish Mines.
You worshipped Wu Jian.
Wu Jian was exalted by your worship.
You visited 3 branches of the dungeon, and saw 19 of its levels.
You also visited: Bailey and Gauntlet.

You collected 1772 gold pieces.

Inventory:

Missiles
 D - 5 throwing nets
Armour
 a - a +0 robe
 b - a +0 kite shield (worn)
 e - a +2 robe of willpower
 t - a +0 cloak
 C - +1 swamp dragon scales (worn)
 J - a +2 hat
 K - a +0 hat of see invisible
 L - the +0 hat of Youthful Indiscretion (worn) {Dex+4}
   (You found it on level 10 of the Dungeon)

   Dex:       It affects your dexterity (+4).
 S - the +0 cloak of the Saviour (worn) {Str+2 Int+4}
   (You found it in a Gauntlet)

   Str:       It affects your strength (+2).
   Int:       It affects your intelligence (+4).
 U - a +2 cloak of preservation
Jewellery
 i - the amulet "Qyutugekha" (around neck) {Reflect Will+ SH+5}
   (You acquired it in a bailey)

   [amulet of reflection]

   It reflects blocked missile attacks.
   SH:        It affects your SH (+5).
   Will:      It increases your willpower.
 s - a ring of ice
 u - an amulet of faith
 v - a ring of protection from cold
 G - a +6 ring of intelligence
 Q - the ring "Noemim" (left claw) {Ice rElec rN+ Str+7}
   (You found it in a Gauntlet)

   [ring of ice]

   It enhances your ice magic.
   Str:       It affects your strength (+7).
   rF:        It makes you vulnerable to fire.
   rC:        It protects you from cold.
   rElec:     It insulates you from electricity.
   rN:        It protects you from negative energy.
 R - the ring "Oraul" (right claw) {rN+ Int+5}
   (You took it off a minotaur in a Gauntlet)

   [ring of positive energy]

   Int:       It affects your intelligence (+5).
   rN:        It protects you from negative energy.
Wands
 c - a wand of polymorph (8)
 n - a wand of iceblast (12) (quivered)
 p - a wand of digging (14)
 x - a wand of mindburst (4)
 H - a wand of charming (14)
 I - a wand of flame (23)
Scrolls
 d - 2 scrolls of fear
 f - 3 scrolls of magic mapping
 h - 3 scrolls of amnesia
 j - 6 scrolls of teleportation
 l - 2 scrolls of immolation
 r - 5 scrolls of enchant armour
 y - 3 scrolls of butterflies
 A - a scroll of blinking
 O - a scroll of noise
 T - a scroll of poison
 V - a scroll of brand weapon
Potions
 g - 7 potions of curing
 k - 2 potions of heal wounds
 m - 2 potions of berserk rage
 o - 3 potions of attraction
 q - 5 potions of brilliance
 w - 7 potions of ambrosia
 z - a potion of resistance
 B - 2 potions of flight
 F - 3 potions of mutation
 M - 4 potions of haste
 N - 2 potions of magic
Miscellaneous
 P - a phial of floods


   Skills:
 + Level 10.3 Fighting
 + Level 9.1 Dodging
 + Level 11.2 Shields
 * Level 16.5 Unarmed Combat
 - Level 4.0 Evocations


You had 13 spell levels left.
You didn't know any spells.
Your spell library contained the following spells:

 Spells                   Type           Power      Damage    Failure   Level
 Apportation              Tloc           0%         N/A       50%         1
 Magic Dart               Conj           0%         1d3       50%         1
 Call Imp                 Summ           0%         N/A       65%         2
 Inner Flame              Hex/Fire       0%         N/A       86%         3
 Mephitic Cloud           Conj/Pois/Air  0%         N/A       86%         3
 Portal Projectile        Hex/Tloc       0%         N/A       86%         3
 Tukima's Dance           Hex            0%         N/A       86%         3
 Airstrike                Air            0%         2d(0-16)  99%         4
 Cause Fear               Hex            0%         N/A       99%         4
 Passage of Golubria      Tloc           0%         N/A       99%         4
 Summon Lightning Spire   Summ/Air       0%         N/A       99%         4
 Alistair's Intoxication  Tmut/Pois      0%         N/A       100%        5
 Blade Hands              Tmut           0%         N/A       100%        5
 Fireball                 Conj/Fire      0%         3d3       100%        5
 Lightning Bolt           Conj/Air       0%         1d11      100%        5
 Silence                  Hex/Air        0%         N/A       100%        5
 Starburst                Conj/Fire      0%         6d3       100%        6
 Discord                  Hex            0%         N/A       100%        8
 Ignition                 Fire           0%         3d3       100%        8
 Lehudib's Crystal Spear  Conj/Erth      0%         10d2      100%        8


Dungeon Overview and Level Annotations

Branches:
Dungeon (13/15)            Temple (0/1) D:7            Lair (4/5) D:9
  Swamp (0/4) Lair:2       Spider (0/4) Lair:2          Orc (2/2) D:9
    Elf (0/3) Orc:2        Vaults (0/5) D:13         Bailey (visited)
Gauntlet (visited)
  Slime: Lair:4-5

Altars:
Ashenzari
Cheibriados
Okawaru
Qazlal
Ru
Sif Muna
Uskayaw
Vehumet
Wu Jian
Xom
Yredelemnul
Zin

Shops:
D:10 *   Orc:2 *?


Innate Abilities, Weirdness & Mutations

You are too large for most types of armour.
You have claws for hands.
Your natural rate of healing is unusually fast.
You are covered in fur. (AC +1)
You have tough skin. (AC +1)


Message History

a +0 ring mail; a +0 hand axe The orc knight shouts!
The orc high priest shouts!
The orc knight shouts!
The orc sorcerer shouts!
The orc high priest mumbles some strange prayers to Beogh against you.
Beogh smites you!
Things that are here:
a +0 short sword; a +0 plate armour; a +0 flail The orc knight roars a battlecry!
The orcs go into a battle-frenzy!
The orc sorcerer casts a spell at you. You resist with almost no effort.
The orc knight roars a battlecry!
The orc knight goes into a battle-frenzy!
You hear a screech!
You mangle the orc knight!!
The orc knight is heavily wounded.
The orc knight hits you with a +0 great mace!!
The orc sorcerer casts a spell at you. The bolt of fire hits you!!!
The fire burns you terribly!
You are too injured to fight recklessly!
You are too injured to fight recklessly!
Things that are here:
a +0 short sword; a +0 plate armour; a +0 flail You mangle the orc knight!!
The orc knight is almost dead.
You block the orc knight's attack.
You mangle the orc knight!!
You kill the orc knight!
The Council accepts your kill.
You closely miss the orc high priest.
The orc high priest hits you with a +0 hand axe.
An orange demon comes into view.
The orc sorcerer casts a spell at you. The bolt of fire hits you!!!
The fire burns you terribly!
* * * LOW HITPOINT WARNING * * *
You claw the orc high priest!
The orc high priest is lightly wounded.
You block the orc high priest's attack.
The orc knight hits you from afar with a +0 glaive!!
You die...

###.o3## ##........## #####.
##.o.# ##...#....## #. #.#o#
##....#...## #. ..o. ##.)...#.∩##
## ... ##[.#.....# # ..
##.....#.∩## #.
##...)#...########## #
##.o.#....###...#..#. ##
#.oo@....###......... .##
#...###[.###.....#..#. ..##
#...###..###......##### ...##
#4..###[[###......## #.. ....##
#.#.###.)###.....#######.
.....###...###.[###......##....o.
......###.###[[###.....4).o...oo.
.......#####.)###......))...o##..
........###[[###........#.#^..##.


You could see an orc knight (strong), an orc high priest (strong), an orange
demon and an orc sorcerer (strong).

Vanquished Creatures
  Kirke (D:13)
  2 orc warlords
  An entropy weaver (shapeshifter) (D:13)
  A minotaur (Gauntlet)
  Josephine (D:10)
  3 vault guards (D:13)
  4 hydras
  Harold (Orc:1)
  3 boulder beetles
  4 two-headed ogres
  A tengu warrior (D:9)
  The ghost of gdog the Covert, a novice GnDe of Gozag (D:7)
  A thrashing horror (Gauntlet)
  A death scarab (Gauntlet)
  An orc high priest (Orc:2)
  A sun demon (Orc:2)
  An orb spider (Lair:2)
  Pikel (D:7)
  4 orc knights
  A deep elf pyromancer (D:10)
  6 cyclopes
  A deep elf zephyrmancer (D:10)
  A wizard (D:11)
  An orc sorcerer (Orc:2)
  An ugly thing (D:13)
  3 elephants (Lair:2)
  A black mamba (Lair:2)
  An oklob plant (Gauntlet)
  4 centaur zombies (D:10)
  3 gargoyles (D:13)
  Maggie (D:8)
  7 cane toads
  5 komodo dragons
  An unseen horror zombie (D:10)
  A queen bee (Lair:1)
  7 trolls
  A polar bear (Lair:3)
  Prince Ribbit (D:9)
  8 slime creatures
  5 dream sheep (Lair:3)
  Sigmund (D:4)
  3 shadows
  A vampire (D:10)
  2 wyverns
  2 basilisks
  47 yaks
  2 water elementals (D:13)
  6 wraiths (D:10)
  A spectral komodo dragon (Gauntlet)
  2 small abominations (Gauntlet)
  2 hogs (D:13)
  5 vampire mosquitoes (D:11)
  2 steam dragons (D:9)
  5 wargs (Orc:1)
  Edmund (D:4)
  4 swamp worms (Lair:2)
  Menkaure (D:4)
  4 acid dragons
  6 water moccasins
  36 orc warriors
  A swamp drake (D:10)
  A black bear (Lair:1)
  3 ice beasts
  2 sky beasts
  4 ogres
  20 wolves
  4 lemures (D:7)
  A phantom (D:5)
  3 kobold brigands
  5 bullfrogs
  4 necrophages
  3 scorpions (D:6)
  A wight (D:10)
  29 killer bees
  An electric eel (D:13)
  6 howler monkeys
  A crimson imp (D:10)
  6 hounds
  A lava snake (Orc:2)
  A human zombie (D:10)
  A jelly (D:5)
  Crazy Yiuf (D:7)
  18 orc priests
  2 gnoll boudas
  6 iguanas
  An iron imp (D:10)
  21 orc wizards
  2 mummies (D:10)
  12 gnolls
  11 adders
  2 shadow imps
  4 white imps
  3 worms
  A dart slug (D:2)
  80 orcs
  3 ball pythons
  5 endoplasms
  23 goblins
  10 hobgoblins
  9 jackals
  35 kobolds
  2 quokkas
  5 bats
  A frilled lizard (D:2)
  7 rats
588 creatures vanquished.

Vanquished Creatures (collateral kills)
  A freezing wraith (D:9)
1 creature vanquished.

Vanquished Creatures (others)
  2 spriggans (D:13)
  A shadow (D:13)
  4 humans (D:13)
  A howler monkey (D:13)
  4 demonic plants (Gauntlet)
  10 fungi
  11 plants
33 creatures vanquished.

Grand Total: 622 creatures vanquished

Notes
Turn   | Place    | Note
-------+----------+-------------------------------------------
     0 | D:1      | LustLizard the Troll Fighter began the quest for the Orb.
     0 | D:1      | Reached XP level 1. HP: 22/22 MP: 0/0
    52 | D:1      | Reached XP level 2. HP: 29/29 MP: 1/1
   533 | D:2      | Reached XP level 3. HP: 36/36 MP: 2/2
   583 | D:2      | Reached skill level 3 in Unarmed Combat
   644 | D:2      | Found a shimmering altar of Xom.
   768 | D:2      | Found a faded altar of an unknown god.
  1131 | D:3      | Found a shimmering altar of Xom.
  1134 | D:3      | Found a shimmering altar of Xom.
  1139 | D:3      | Reached XP level 4. HP: 41/44 MP: 3/3
  1149 | D:3      | Found a shimmering altar of Xom.
  1149 | D:3      | Found a shimmering altar of Xom.
  1151 | D:3      | Found a shimmering altar of Xom.
  1151 | D:3      | Found a shimmering altar of Xom.
  1156 | D:3      | Found a shimmering altar of Xom.
  1944 | D:4      | Reached XP level 5. HP: 46/53 MP: 4/4
  2013 | D:4      | Noticed Menkaure
  2017 | D:4      | Killed Menkaure
  2018 | D:4      | Reached skill level 4 in Unarmed Combat
  2018 | D:4      | Reached skill level 1 in Evocations
  2018 | D:4      | Noticed Edmund
  2025 | D:4      | Killed Edmund
  2026 | D:4      | Reached XP level 6. HP: 53/61 MP: 5/5
  2190 | D:4      | Found a stormy altar of Qazlal.
  2193 | D:4      | Noticed a sky beast
  2204 | D:4      | Noticed Sigmund
  2257 | D:4      | Killed a sky beast
  2258 | D:4      | Reached skill level 5 in Unarmed Combat
  2272 | D:4      | Killed Sigmund
  2273 | D:4      | Reached XP level 7. HP: 17/68 MP: 6/6
  2823 | D:5      | Entered Level 5 of the Dungeon
  3214 | D:5      | Reached skill level 6 in Unarmed Combat
  3281 | D:5      | Reached XP level 8. HP: 74/78 MP: 7/7
  3408 | D:5      | Found a radiant altar of Vehumet.
  3987 | D:6      | Found an ornate altar of the Wu Jian Council.
  3987 | D:6      | Noticed a spectral centipede
  3987 | D:6      | Noticed a spectral black mamba
  4030 | D:6      | Became a worshipper of the Wu Jian Council
  4151 | D:6      | Reached skill level 7 in Unarmed Combat
  4167 | D:6      | Reached skill level 5 in Shields
  4650 | D:7      | Noticed Pikel
  4738 | D:7      | Killed Pikel
  4739 | D:7      | Reached skill level 5 in Fighting
  4739 | D:7      | Reached skill level 8 in Unarmed Combat
  4739 | D:7      | Reached XP level 9. HP: 46/88 MP: 8/8
  4794 | D:7      | Found a staircase to the Ecumenical Temple.
  4887 | D:7      | Found a runed translucent door.
  4888 | D:7      | Noticed Crazy Yiuf
  4963 | D:7      | Found a runed translucent door.
  5223 | D:7      | Noticed gdog's ghost (novice GnDe)
  5299 | D:7      | Reached * piety under Wu Jian
  5689 | D:8      | Reached skill level 9 in Unarmed Combat
  5858 | D:8      | Noticed a two-headed ogre
  5878 | D:8      | Killed a two-headed ogre
  5879 | D:8      | Reached XP level 10. HP: 34/98 MP: 9/9
  6398 | D:8      | Noticed a six-headed hydra
  6404 | D:8      | Noticed Maggie
  6414 | D:8      | Killed Maggie
  6518 | D:9      | Noticed Prince Ribbit
  6521 | D:9      | Killed Prince Ribbit
  6522 | D:9      | Reached skill level 10 in Unarmed Combat
  6532 | D:9      | Noticed a boulder beetle
  6563 | D:9      | Killed a boulder beetle
  6578 | D:9      | Reached ** piety under Wu Jian
  6600 | D:9      | Noticed a tengu warrior
  6642 | D:9      | Found a broken altar of Ashenzari.
  6657 | D:9      | Found a flagged portal.
  6666 | D:9      | Found a staircase to the Orcish Mines.
  6675 | D:9      | Noticed a boulder beetle
  6692 | D:9      | Killed a boulder beetle
  6693 | D:9      | Reached skill level 11 in Unarmed Combat
  6710 | Bailey   | Entered a bailey
  6747 | Bailey   | Noticed an orc warlord
  6801 | Bailey   | Noticed an orc knight
  6820 | Bailey   | Killed an orc knight
  6821 | Bailey   | Reached XP level 11. HP: 79/107 MP: 10/10
  6886 | Bailey   | Reached skill level 5 in Dodging
  6939 | Bailey   | Found a runed translucent gate.
  6942 | Bailey   | Found a runed translucent gate.
  6944 | Bailey   | Found a runed translucent gate.
  7032 | Bailey   | Killed an orc warlord
  7057 | Bailey   | Acquired the amulet "Qyutugekha" {Reflect Will+ SH+5}
  7105 | D:9      | Noticed a two-headed ogre
  7113 | D:9      | Killed a two-headed ogre
  7167 | D:9      | Killed a tengu warrior
  7393 | D:9      | Reached *** piety under Wu Jian
  7522 | D:9      | Found a hide-covered altar of Uskayaw.
  7680 | D:9      | Found a staircase to the Lair.
  7684 | D:9      | You fall into a shaft and drop 2 floors!
  7714 | D:11     | Noticed a boulder beetle
  7727 | D:11     | Killed a boulder beetle
  7728 | D:11     | Reached skill level 12 in Unarmed Combat
  7936 | D:10     | Entered Level 10 of the Dungeon
  7952 | D:10     | Found Zin's Purification Station.
  7952 | D:10     | Noticed Josephine
  7964 | D:10     | Killed Josephine
  8003 | D:10     | Found a glowing silver altar of Zin.
  8147 | D:10     | Noticed a deep elf pyromancer
  8152 | D:10     | Killed a deep elf pyromancer
  8171 | D:10     | Noticed a deep elf zephyrmancer
  8174 | D:10     | Killed a deep elf zephyrmancer
  8175 | D:10     | Identified the +0 hat of Youthful Indiscretion {Dex+4}
  8218 | D:10     | Found an iron altar of Okawaru.
  8222 | D:10     | Reached **** piety under Wu Jian
  8321 | D:10     | Reached XP level 12. HP: 119/119 MP: 11/11
  8346 | D:10     | Found a basalt altar of Yredelemnul.
  8468 | D:10     | Reached skill level 13 in Unarmed Combat
  8572 | D:10     | Identified the +0 ring mail of the Playwright {Will+ Str+4
                  | Dex+2}
  8581 | D:10     | Noticed a two-headed ogre
  8590 | D:10     | Killed a two-headed ogre
  8716 | D:10     | Found a snail-covered altar of Cheibriados.
  8986 | D:11     | Noticed a two-headed ogre
  8986 | D:11     | Noticed a four-headed hydra
  9191 | D:11     | Killed a four-headed hydra
  9571 | D:11     | Killed a two-headed ogre
  9629 | D:12     | Noticed a four-headed hydra
  9722 | D:12     | Killed an eight-headed hydra
  9941 | D:12     | Reached skill level 14 in Unarmed Combat
 10607 | D:13     | Reached ***** piety under Wu Jian
 10636 | D:13     | Reached XP level 13. HP: 119/130 MP: 12/12
 10679 | D:13     | Noticed Kirke
 10703 | D:13     | Killed Kirke
 10727 | D:13     | Found a stormy altar of Qazlal.
 10747 | D:13     | Found a gate leading to a gauntlet.
 10753 | Gauntlet | Entered a Gauntlet
 10753 | Gauntlet | Found a transporter.
 10753 | Gauntlet | Found a runed translucent gate.
 10753 | Gauntlet | Found a transporter.
 10835 | Gauntlet | Found a runed translucent gate.
 10835 | Gauntlet | Found a transporter.
 10836 | Gauntlet | Found a runed translucent gate.
 10836 | Gauntlet | Found a transporter.
 10838 | Gauntlet | Found a transporter.
 10873 | Gauntlet | Found a transporter.
 10873 | Gauntlet | Found a transporter.
 10875 | Gauntlet | Found a transporter.
 10884 | Gauntlet | Found a transporter.
 10898 | Gauntlet | Noticed a dire elephant
 10903 | Gauntlet | Found a transporter.
 10910 | Gauntlet | Found a transporter.
 10924 | Gauntlet | Found a transporter.
 10946 | Gauntlet | Found a transporter.
 10960 | Gauntlet | Found a transporter.
 11009 | Gauntlet | Identified the ring "Noemim" {Ice rElec rN+ Str+7}
 11301 | Gauntlet | Identified the +0 cloak of the Saviour {Str+2 Int+4}
 11317 | Gauntlet | Identified the ring "Oraul" {rN+ Int+5}
 11317 | Gauntlet | Noticed a minotaur
 11323 | Gauntlet | Killed a minotaur
 11387 | D:13     | Found a gate to the Vaults.
 11496 | D:13     | Reached skill level 10 in Shields
 11614 | D:13     | Noticed an entropy weaver
 11623 | D:13     | Killed an entropy weaver
 11624 | D:13     | Reached skill level 15 in Unarmed Combat
 11989 | D:7      | Killed gdog's ghost
 12128 | D:7      | Killed Crazy Yiuf
 12285 | Lair:1   | Entered Level 1 of the Lair of Beasts
 12285 | Lair:1   | Found a sacrificial altar of Ru.
 12703 | Lair:1   | Identified the +7 war axe of the Present {antimagic, *Slow
                  | Str+9 Dex+4}
 13671 | Lair:2   | Found a hole to the Spider Nest.
 14176 | Lair:2   | Reached XP level 14. HP: 141/141 MP: 13/13
 14430 | Lair:2   | Found a staircase to the Swamp.
 14914 | Lair:3   | Reached skill level 10 in Fighting
 14996 | Lair:3   | Reached ****** piety under Wu Jian
 14999 | Lair:3   | Reached skill level 16 in Unarmed Combat
 15727 | Orc:1    | Entered Level 1 of the Orcish Mines
 15732 | Orc:1    | Noticed an orc warlord
 15752 | Orc:1    | Killed an orc warlord
 15968 | Orc:1    | Noticed Harold
 16026 | Orc:1    | Killed Harold
 16134 | Orc:1    | Found a shimmering blue altar of Sif Muna.
 16374 | Orc:2    | Entered Level 2 of the Orcish Mines
 16444 | Orc:2    | Found a staircase to the Elven Halls.
 16658 | Orc:2    | Found Iqiwka's Magic Scroll Shop.
 16659 | Orc:2    | Found Ommaum's General Store.
 17553 | Orc:2    | Mangled by an orc knight

Illustrated notes

Levels and vault maps discovered:
D:1:      lightli_arrival_maybe_door_vault, layout_rooms
D:2:      layout_basic, basic_altar, shapermc_ecumenical_altar_mp_highgroup,
          minmay_misc_feat_more_columns, small_statue_intersection
D:3:      layout_basic, nicolae_xom_altar_mimics
D:4:      layout_basic, amcnicky_altar_gilded, uniq_edmund, uniq_sigmund,
          uniq_menkaure
D:5:      layout_basic, nicolae_vehumet_altar_sigil
D:6:      layout_basic, pdpol_wu_jian_five_deadly_venoms
D:7:      layout_cave_pools, minmay_temple_entry_tees,
          ebering_ghost_reflecting_pool, uniq_crazy_yiuf_cottage, uniq_pikel
D:8:      layout_gridville, wad_dig_loot, uniq_maggie
D:9:      layout_big_octagon, marbit_many_paths, eat_drink_and_be_merry_uskayaw,
          david_lair_shrubbed, enter_bailey_5, kb_rosetta, uniq_prince_ribbit1
D:10:     layout_loops_ring, zin_purify, lemuel_mausoleum_altar_yredelemnul,
          okawaru_altar_gauntlet_db, cheibrodos_worm_habitat,
          hangedman_minor_magic, uniq_josephine
D:11:     layout_long_grid
D:12:     layout_irregular_city, serial_glass, glass_columns_a, glass_columns_a,
          glass_columns_c, glass_columns_a, glass_columns_b, glass_columns_c
D:13:     dreamdust_experimentation, layout_basic,
          lightli_vaults_fourway_checkpoint, gauntlet_entry_generic,
          grunt_qazlal_sundering, uniq_jorgrun, uniq_lodul, uniq_kirke
Lair:1:   layout_cave_pods, special_room [special_room_bee], basic_altar
Lair:2:   layout_regular_city, palyth_hydra_swamp_entry,
          nicolae_spider_entry_orb_guardian, grunt_megastairs_2
Lair:3:   layout_gridlike
Lair:4:   layout_roguey, slime_entry_2, nicolae_lair_lindhole
Orc:1:    layout_caves, basic_altar, led_sif_book, uniq_harold
Orc:2:    pf_orc_diabolical, layout_diamond_mine, nicolae_orc_lava_tube

Skill      XL: |  1  2  3  4  5  6  7  8  9 10 11 12 13 14 |
---------------+-------------------------------------------+-----
Shields        | 3 4 5 6 7 8 9 10 11 | 11.2
Unarmed Combat | 3 4 5 6 8 9 11 12 14 15 16 | 16.5
Fighting       | 3 4 5 6 7 8 9 10 | 10.3
Evocations     | 1 2 3 4 |  4.0
Dodging        | 3 4 6 7 8 9 |  9.1

Action                   |  1- 3 |  4- 6 |  7- 9 | 10-12 | 13-15 || total
-------------------------+-------+-------+-------+-------+-------++-------
Melee: Unarmed           |    92 |   120 |   421 |   582 |   776 ||  1991
Invok: Lunge             |       |       |    18 |    38 |    49 ||   105
       Whirlwind         |       |       |     6 |    65 |    91 ||   162
Evoke: Wand              |       |       |     3 |    16 |    14 ||    33
  Use: Scroll            |     3 |     1 |     7 |    12 |    10 ||    33
       Potion            |       |     2 |       |     2 |    11 ||    15
 Stab: Distracted        |       |       |       |     1 |       ||     1
       Invisible         |       |       |       |     1 |       ||     1
Armor: Robe              |    28 |    21 |   117 |     1 |       ||   167
       Skin              |       |     1 |       |       |     9 ||    10
       Swamp dragon scal |       |       |       |   117 |   139 ||   256
Dodge: Dodged            |    26 |    29 |   122 |   115 |   184 ||   476
Block: Kite shield       |    20 |    30 |   177 |   289 |   509 ||  1025
       Reflection        |       |       |       |     9 |    17 ||    26
